 Dungeon Crawl Stone Soup version 0.30.0-5-g1a98f26d00 (webtiles) character file.

Game seed: 765177063259170695

270 Orangeyouglad the Trooper (level 6, -1/49 HPs)
             Began as a Human Monk on May 10, 2023.
             Was a Believer of the Shining One.
             Slain by Crazy Yiuf
             ... wielding a +4 quarterstaff of chaos
              (7 damage)
             ... on level 3 of the Dungeon.
             The game lasted 00:07:56 (3726 turns).

Orangeyouglad the Trooper (Human Monk)              Turns: 3726, Time: 00:07:57

Health: -1/49      AC:  6    Str: 17    XL:     6   Next: 46%
Magic:  1/9        EV: 13    Int: 12    God:    the Shining One [**....]
Gold:   237        SH:  6    Dex: 16    Spells: 9/9 levels left

rFire   . . .        a - +0 falchion
rCold   + . .        d - orb {light}
rNeg    + . .        e - +2 leather armour {rC+}
rPois   .            (no helmet)
rElec   .            (no cloak)
rCorr   .            w - +0 pair of gloves
SInv    .            (no boots)
Will    .....        (no amulet)
Stlth   +            n - +6 ring of strength
HPRegen 0.28/turn    (no ring)
MPRegen 0.11/turn

%: no passive effects
@: lethally poisoned (-1 -> -7), divinely shielded, glowing
A: no striking features
a: Renounce Religion, Divine Shield


You were on level 3 of the Dungeon.
You worshipped the Shining One.
The Shining One was pleased with you.
You visited 1 branch of the dungeon, and saw 5 of its levels.

You collected 237 gold pieces.

Inventory:

Hand Weapons
 a - a +0 falchion (weapon)
 b - a +0 sling
Armour
 d - an orb of light (worn)
 e - a +2 leather armour of cold resistance (worn)
 m - a +0 robe
 r - a +0 scale mail
 u - a +1 ring mail of fire resistance
 w - a +0 pair of gloves (worn)
Magical Staves
 g - a staff of cold
Jewellery
 n - a +6 ring of strength (left hand)
 v - a +6 ring of dexterity
Scrolls
 h - a scroll of teleportation
 k - 2 scrolls of fear
 p - a scroll of blinking {unknown}
 s - 2 scrolls of amnesia {unknown}
Potions
 c - a potion of ambrosia
 f - 2 potions of berserk rage {unknown}
 i - a potion of magic
 l - 2 potions of lignification {unknown}
 q - a potion of curing {unknown}
 t - a potion of resistance {unknown}


   Skills:
 + Level 4.4 Fighting
 - Level 3.1 Long Blades
 + Level 2.2 Armour
 + Level 4.2 Dodging
 + Level 2.4 Spellcasting


You had 9 spell levels left.
You didn't know any spells.
Your spell library contained the following spells:

 Spells                   Type           Power      Damage    Failure   Level
 Blink                    Tloc           2%         N/A       43%         2
 Lesser Beckoning         Tloc           2%         N/A       43%         2
 Momentum Strike          Conj/Tloc      2%         3d8       43%         2


Dungeon Overview and Level Annotations

Branches:
Dungeon (5/15)             Temple (0/1) D:4

Altars:
Vehumet
The Shining One

Annotations:
D:3 Crazy Yiuf
D:4 Eustachio, Pikel


Message History

You slash the adder!
You kill the adder!
You see here an adder corpse.
You now have 237 gold pieces (gained 10).
l - 2 fizzy orange potions (gained 1)
The lemure shouts!
You hear a shout! x2
There is a stone staircase leading up here.
You climb upwards.
Level annotation: 1 runed translucent door, Crazy Yiuf
There is a stone staircase leading down here.
Crazy Yiuf shouts!
Your shield is strengthened by the Shining One's divine power.
You open the door. You slash Crazy Yiuf!
Crazy Yiuf is moderately wounded.
Crazy Yiuf cries, "Line!"
Crazy Yiuf hits you with a +4 quarterstaff of chaos.
Crazy Yiuf burns you.
You hit Crazy Yiuf but do no damage.
Crazy Yiuf is moderately wounded.
Crazy Yiuf hits you with a +4 quarterstaff of chaos!
You hit Crazy Yiuf.
Crazy Yiuf is heavily wounded.
Crazy Yiuf hits you with a +4 quarterstaff of chaos!
You slash Crazy Yiuf!
Crazy Yiuf is almost dead.
Crazy Yiuf hits you with a +4 quarterstaff of chaos.
You are poisoned.
You hit Crazy Yiuf but do no damage.
Crazy Yiuf is almost dead.
You feel very sick.
Crazy Yiuf hits you with a +4 quarterstaff of chaos!
* * * LOW HITPOINT WARNING * * *
You feel your power leaking away.
You hit Crazy Yiuf but do no damage.
Crazy Yiuf is almost dead.
* * * LOW HITPOINT WARNING * * *
You feel very sick.
Crazy Yiuf hits you with a +4 quarterstaff of chaos!
You die...

#.#..#
###...##
....###
..### #####
..#### #)..#
.....####
#...#
.#.#....####
*...*
.#.........#
*#g#*
...........#
♣@♣♣
.......>...#
♣♣.♣
########...#
♣.♣♣ # ###.#
♣♣.♣ # #.#
♣♣.♣♣
##########.#
♣...♣
...........#
♣♣...♣
##########.#
#....# .####
######....#


You could see Crazy Yiuf.

Vanquished Creatures
  A lemure (D:5)
  Blork the orc (D:5)
  Jessica (D:3)
  An iguana (D:4)
  An orc wizard (D:5)
  4 adders
  A white imp (D:5)
  5 dart slugs
  2 ball pythons
  9 endoplasms
  4 giant cockroaches
  7 goblins
  5 hobgoblins
  4 jackals
  3 kobolds
  5 quokkas
  6 bats
  A frilled lizard (D:1)
  6 rats
67 creatures vanquished.

Notes
Turn   | Place    | Note
-------+----------+-------------------------------------------
     0 | D:1      | Orangeyouglad the Human Monk began the quest for the Orb.
     0 | D:1      | Reached XP level 1. HP: 18/18 MP: 1/1
   168 | D:1      | Reached XP level 2. HP: 17/24 MP: 2/2
   589 | D:1      | Reached XP level 3. HP: 29/29 MP: 3/3
  1040 | D:2      | Reached skill level 1 in Spellcasting
  1192 | D:2      | Found a faded altar of an unknown god.
  1234 | D:3      | Reached XP level 4. HP: 31/36 MP: 5/5
  1753 | D:3      | Found a glowing golden altar of the Shining One.
  1773 | D:3      | Became a worshipper of the Shining One
  1773 | D:3      | Reached * piety under the Shining One
  1773 | D:3      | Reached ** piety under the Shining One
  1874 | D:3      | Found a runed translucent door.
  1875 | D:3      | Noticed Crazy Yiuf
  1991 | D:3      | Noticed Jessica
  2263 | D:3      | Killed Jessica
  2264 | D:3      | Reached skill level 1 in Armour
  2264 | D:3      | Reached XP level 5. HP: 39/42 MP: 7/7
  2546 | D:4      | Found a staircase to the Ecumenical Temple.
  2652 | D:4      | Noticed Pikel
  2652 | D:4      | Noticed a lemure
  2652 | D:4      | Noticed a lemure
  2652 | D:4      | Noticed a lemure
  2888 | D:4      | Noticed Eustachio
  2907 | D:4      | Noticed a lemure
  2910 | D:4      | HP: 2/42 [Pikel/+1 whip of electrocution (8)]
  3061 | D:5      | Entered Level 5 of the Dungeon
  3075 | D:5      | Killed a lemure
  3297 | D:5      | Noticed Blork the orc
  3328 | D:5      | Killed Blork the orc
  3329 | D:5      | Reached XP level 6. HP: 44/49 MP: 6/9
  3466 | D:4      | Found a radiant altar of Vehumet.
  3726 | D:3      | Slain by Crazy Yiuf

Illustrated notes

Levels and vault maps discovered:
D:1:      giann_wishing_wells, layout_loops_cross, serial_aquarium,
          aquarium_bridge_square [aquarium_subvault_wall,
          aquarium_subvault_window, aquarium_subvault_bridge,
          aquarium_subvault_window], aquarium_window_2,
          aquarium_window_corridor_1, aquarium_window_1, aquarium_view_2e,
          nicolae_kite_square_tiling_tiny, corexii_corridor_pit,
          minmay_small_reverse_x
D:2:      layout_basic, serial_rivers, chequers_serial_rivers_micro_d,
          chequers_serial_rivers_micro_b, chequers_serial_rivers_room_b,
          chequers_serial_rivers_micro_a, chequers_serial_rivers_small_b,
          chequers_serial_rivers_micro_c, chequers_ecumenical_altar_island
D:3:      layout_rooms, mainiacjoe_overflow_chevrons, kennysheep_crisscross,
          uniq_jessica, uniq_crazy_yiuf_cottage
D:4:      layout_loops_ring, nicolae_vehumet_altar_sigil, temple_doors_e,
          uniq_eustachio, uniq_pikel
D:5:      layout_rooms, gammafunk_ghost_stat_death, nicolae_elemental_shop,
          uniq_blork_the_orc

Skill      XL: |  1  2  3  4  5 |
---------------+----------------+-----
Spellcasting   | 1 2 |  2.4
Armour         | 1 2 |  2.2
Fighting       | 4 |  4.4
Dodging        | 4 |  4.2
Long Blades    | |  3.1

Action                     |  1- 3 |  4- 6 || total
---------------------------+-------+-------++-------
  Melee: Falchion          |    88 |   133 ||   221
   Fire: Sling             |       |     6 ||     6
 Invoke: Divine Shield     |       |     3 ||     3
    Use: Scroll            |       |     8 ||     8
         Potion            |       |     1 ||     1
 Armour: Robe              |    18 |       ||    18
         Leather armour    |     4 |    23 ||    27
         Scale mail        |       |     8 ||     8
  Dodge: Dodged            |    73 |    89 ||   162
  Block: Orb               |       |     5 ||     5
